 Dungeon Crawl Stone Soup version 0.27.1 (webtiles) character file.

Game seed: 13489763183104067738

506450 Nanban the Peltast (level 25, -4/231 HPs)
             Began as a Hill Orc Monk on Aug 28, 2021.
             Was the Champion of Beogh.
             Splashed with acid (22 damage)
             ... on level 1 of the Pits of Slime on Sept 2, 2021.
             The game lasted 15:30:15 (74298 turns).

Nanban the Peltast (Hill Orc Monk)                 Turns: 74298, Time: 15:30:16

Health: -4/231     AC: 34    Str: 39 (40) XL:     25   Next: 1%
Magic:  35/35      EV: 24    Int: -1 (4)  God:    Beogh [******]
Gold:   4382       SH: 24    Dex: 28      Spells: 24/24 levels left

rFire    + . .     SeeInvis .   g - +7 war axe "Opnakit" {holy, Str+3}
rCold    + + +     Faith    +   u - +5 kite shield {reflect}
rNeg     + + +     Spirit   .   R - +13 chain mail "Plog" {rC++ Regen+}
rPois    +         Reflect  +   c - +2 hat of Patience {Str+5}
rElec    +         Harm     .   w - scarf {rC+ rF+}
rCorr    +         Rampage  +   y - +0 pair of gloves "Puoteu" {rPois rN+}
Will     +....                  H - +2 pair of boots {rampage}
Stlth    ..........             s - amulet of Heuptan {Faith Regen+ rCorr Dex+4}
HPRegen  2.48/turn              n - ring "Kyw Noom" {Drain rN+++ EV+4 Str+9 Int-3}
MPRegen  0.24/turn              Z - ring "Tyrhaep" {rElec rPois rN+ Int-3 Dex+6}

@: slowed, lost intelligence, very slow
A: walk on water, agile 1, mutation resistance 1
}: 3/15 runes: decaying, serpentine, silver
a: Renounce Religion, Smiting, Recall Orcish Followers, Give Item to Named
Follower, Resurrection


You were on level 1 of the Pits of Slime.
You worshipped Beogh.
Beogh was exalted by your worship.
You visited 10 branches of the dungeon, and saw 45 of its levels.
You also visited: Ice Cave.

You collected 10125 gold pieces.
You spent 5743 gold pieces at shops.

Inventory:

Hand Weapons
 d - a +0 triple sword of holy wrath
 g - the +7 war axe "Opnakit" (weapon) {holy, Str+3}
   (You bought it in a shop on level 2 of the Orcish Mines)

   It has been blessed by the Shining One to cause great damage to the undead
   and demons.
   Str:       It affects your strength (+3).
 A - a +7 vampiric war axe
 O - the +8 whip "Snakebite" {venom, curare, rPois}
   (You found it on level 1 of the Lair of Beasts)

   It poisons the flesh of those it strikes.
   It occasionally inflicts asphyxiating poison on those it strikes, dealing
   poison damage and causing slowness.
   rPois:     It protects you from poison.
Missiles
 C - 71 poisoned darts
Armour
 c - the +2 hat of Patience (worn) {Str+5}
   (You acquired it on level 3 of the Elven Halls)

   Str:       It affects your strength (+5).
 h - the +2 ratskin cloak {*Rats rPois rN+ Str-1 Int-1 Dex+1}
   (You found it on level 3 of the Elven Halls)

   When the wearer is hurt, rats may emerge from it to assist them.
   Str:       It affects your strength (-1).
   Int:       It affects your intelligence (-1).
   Dex:       It affects your dexterity (+1).
   rPois:     It protects you from poison.
   rN:        It protects you from negative energy.
 t - a +0 tower shield
 u - a +5 kite shield of reflection (worn)
 w - a scarf of resistance (worn)
 y - the +0 pair of gloves "Puoteu" (worn) {rPois rN+}
   (You bought it in a shop on level 2 of the Vaults)

   rPois:     It protects you from poison.
   rN:        It protects you from negative energy.
 H - a +2 pair of boots of rampaging (worn)
 R - the +13 chain mail "Plog" (worn) {rC++ Regen+}
   (You found it on level 5 of the Lair of Beasts)

   rC:        It greatly protects you from cold.
   Regen:     It increases your rate of health regeneration.
Jewellery
 n - the ring "Kyw Noom" (left hand) {Drain rN+++ EV+4 Str+9 Int-3}
   (You took it off a vault warden on level 3 of the Vaults)

   [ring of evasion]

   EV:        It affects your evasion (+4).
   Str:       It affects your strength (+9).
   Int:       It affects your intelligence (-3).
   rN:        It renders you almost immune to negative energy.
   Drain:     It drains your maximum health when unequipped.
 s - the amulet of Heuptan (around neck) {Faith Regen+ rCorr Dex+4}
   (You bought it in a shop on level 1 of the Snake Pit)

   [amulet of faith]

   It allows you to gain divine favour quickly.
   Dex:       It affects your dexterity (+4).
   Regen:     It increases your rate of health regeneration.
   rCorr:     It protects you from acid and corrosion.
 D - a ring of magical power
 Z - the ring "Tyrhaep" (right hand) {rElec rPois rN+ Int-3 Dex+6}
   (You acquired it on level 5 of the Lair of Beasts)

   [ring of dexterity]

   Int:       It affects your intelligence (-3).
   Dex:       It affects your dexterity (+6).
   rElec:     It insulates you from electricity.
   rPois:     It protects you from poison.
   rN:        It protects you from negative energy.
Wands
 a - a wand of paralysis (44) (quivered)
 k - a wand of digging (5)
 I - a wand of acid (33)
 K - a wand of flame (115)
 N - a wand of mindburst (53)
 U - a wand of polymorph (40)
 V - a wand of charming (17)
Scrolls
 b - 7 scrolls of enchant armour
 j - 26 scrolls of identify
 m - 8 scrolls of fear
 o - 8 scrolls of magic mapping
 p - 5 scrolls of brand weapon
 q - 8 scrolls of fog
 x - 19 scrolls of teleportation
 B - 3 scrolls of holy word
 L - 3 scrolls of amnesia
 Q - 4 scrolls of blinking
 Y - 2 scrolls of silence
Potions
 f - 2 potions of berserk rage
 l - 2 potions of mutation
 v - 7 potions of curing
 z - a potion of cancellation
 E - 3 potions of resistance
 F - 9 potions of flight
 G - 3 potions of invisibility
 M - 4 potions of ambrosia
 P - 5 potions of might
 S - 3 potions of haste
 W - a potion of magic
 X - 12 potions of brilliance
Miscellaneous
 e - a tin of tremorstones (2/2)
 i - a phial of floods
 r - a lightning rod (4/4)
 T - a box of beasts


   Skills:
 * Level 19.9 Fighting
 + Level 1.0(1.2) Short Blades
 + Level 1.2(1.4) Long Blades
 + Level 20.0(23.6) Axes
 + Level 19.3(21.6) Maces & Flails
 + Level 1.1(11.8) Polearms
 + Level 1.1(11.3) Staves
 + Level 17.2 Armour
 * Level 10.6 Dodging
 - Level 1.9 Stealth
 * Level 20.7 Shields
 - Level 1.4 Unarmed Combat
 - Level 0.1 Conjurations
 - Level 0.1 Hexes
 - Level 0.1 Summonings
 - Level 0.1 Necromancy
 - Level 0.1 Fire Magic
 - Level 0.1 Earth Magic
 + Level 17.4 Invocations
 * Level 3.8 Evocations


You had 24 spell levels left.
You didn't know any spells.
Your spell library contained the following spells:

 Spells                   Type           Power      Damage    Failure   Level
 Corona                   Hex            0%         N/A       86%         1
 Freeze                   Ice            0%         1d3       86%         1
 Magic Dart               Conj           0%         1d3       86%         1
 Sandblast                Erth           0%         2d4       86%         1
 Shock                    Conj/Air       0%         1d3       86%         1
 Summon Small Mammal      Summ           0%         N/A       86%         1
 Blink                    Tloc           N/A        N/A       95%         2
 Corpse Rot               Necr/Air       N/A        N/A       95%         2
 Passwall                 Tmut/Erth      0%         N/A       95%         2
 Searing Ray              Conj           0%         3d3       95%         2
 Slow                     Hex            0%         N/A       95%         2
 Static Discharge         Conj/Air       0%         N/A       95%         2
 Sublimation of Blood     Necr           0%         N/A       95%         2
 Call Canine Familiar     Summ           0%         N/A       99%         3
 Confusing Touch          Hex            0%         N/A       99%         3
 Conjure Flame            Conj/Fire      0%         6-21      99%         3
 Dazzling Flash           Conj/Hex       0%         N/A       99%         3
 Frozen Ramparts          Ice            0%         1d2       99%         3
 Gell's Gravitas          Tloc           0%         N/A       99%         3
 Ignite Poison            Fire/Tmut/Pois 0%         N/A       99%         3
 Inner Flame              Hex/Fire       0%         N/A       99%         3
 Lesser Beckoning         Tloc           0%         N/A       99%         3
 Mephitic Cloud           Conj/Pois/Air  0%         N/A       99%         3
 Portal Projectile        Hex/Tloc       0%         N/A       99%         3
 Stone Arrow              Conj/Erth      0%         3d7       99%         3
 Summon Guardian Golem    Hex/Summ       0%         N/A       99%         3
 Swiftness                Air            0%         N/A       99%         3
 Teleport Other           Tloc           0%         N/A       99%         3
 Tukima's Dance           Hex            0%         N/A       99%         3
 Vampiric Draining        Necr           0%         2d6       99%         3
 Airstrike                Air            0%         N/A       100%        4
 Animate Armour           Summ/Erth      0%         N/A       100%        4
 Animate Dead             Necr           0%         N/A       100%        4
 Cause Fear               Hex            0%         N/A       100%        4
 Dispel Undead            Necr           0%         3d6       100%        4
 Fulminant Prism          Conj/Hex       0%         3d6       100%        4
 Hailstorm                Conj/Ice       0%         3d3       100%        4
 Iskenderun's Mystic Bla  Conj/Tloc      0%         2d3       100%        4
 Leda's Liquefaction      Hex/Erth       0%         N/A       100%        4
 Olgreb's Toxic Radiance  Pois           0%         N/A       100%        4
 Passage of Golubria      Tloc           N/A        N/A       100%        4
 Petrify                  Tmut/Erth      0%         N/A       100%        4
 Sticky Flame             Conj/Fire      0%         2d3       100%        4
 Summon Lightning Spire   Summ/Air       0%         N/A       100%        4
 Agony                    Necr           0%         N/A       100%        5
 Bolt of Magma            Conj/Fire/Erth 0%         4d4       100%        5
 Fireball                 Conj/Fire      0%         3d3       100%        5
 Irradiate                Conj/Tmut      0%         3d14      100%        5
 Iskenderun's Battlesphe  Conj           0%         2d6       100%        5
 Lee's Rapid Deconstruct  Erth           0%         3d5*      100%        5
 Lightning Bolt           Conj/Air       0%         1d11      100%        5
 Manifold Assault         Tloc           0%         N/A       100%        5
 Summon Forest            Summ/Tloc      0%         N/A       100%        5
 Summon Mana Viper        Hex/Summ       0%         N/A       100%        5
 Yara's Violent Unravell  Hex/Tmut       0%         3d3       100%        5
 Conjure Ball Lightning   Conj/Air       0%         3x3d6     100%        6
 Death Channel            Necr           0%         N/A       100%        6
 Dispersal                Tloc           0%         N/A       100%        6
 Eringya's Noxious Bog    Tmut/Pois      0%         N/A       100%        6
 Invisibility             Hex            0%         N/A       100%        6
 Iron Shot                Conj/Erth      0%         9d1       100%        6
 Shadow Creatures         Summ           N/A        N/A       100%        6
 Starburst                Conj/Fire      0%         6d3       100%        6
 Dragon Form              Tmut           0%         N/A       100%        7
 Haunt                    Necr/Summ      0%         N/A       100%        7
 Malign Gateway           Summ/Tloc      0%         N/A       100%        7
 Orb of Destruction       Conj           0%         N/A       100%        7
 Spellforged Servitor     Conj/Summ      0%         N/A       100%        7
 Summon Hydra             Summ           0%         N/A       100%        7
 Borgnjor's Revivificati  Necr           0%         N/A       100%        8
 Discord                  Hex            0%         N/A       100%        8
 Disjunction              Tloc           0%         N/A       100%        8
 Infestation              Necr           0%         N/A       100%        8
 Lehudib's Crystal Spear  Conj/Erth      0%         10d2      100%        8
 Maxwell's Capacitive Co  Air            0%         ∞         100%        8
 Chain Lightning          Conj/Air       0%         N/A       100%        9
 Dragon's Call            Summ           0%         N/A       100%        9
 Fire Storm               Conj/Fire      0%         5d1       100%        9
 Shatter                  Erth           0%         3d5*      100%        9


Dungeon Overview and Level Annotations

Branches:
Dungeon (15/15)            Temple (0/1) D:4            Lair (6/6) D:8
  Swamp (4/4) Lair:4        Snake (4/4) Lair:3        Slime (1/5) Lair:5
    Orc (2/2) D:11            Elf (3/3) Orc:2        Vaults (5/5) D:13
  Crypt (3/3) Vaults:2       Tomb (0/3) Crypt:3      Depths (2/5) D:15
  IceCv (visited)

Altars:
Ashenzari
Cheibriados
Gozag
Kikubaaqudgha
Okawaru
Ru
Sif Muna
Trog
Vehumet
Wu Jian
Xom
Yredelemnul
The Shining One
Jiyva

Shops:
D:1 (   D:4 *   D:6 *(   D:9 (   D:10 !   Orc:1 [   Orc:2 (((*[   Elf:2 (
Elf:3 :?   Snake:1 :=:   Snake:3 ?   Vaults:2 [   Vaults:5 (

Portals:
Hell: Depths:1 Depths:2
Abyss: Depths:1 Depths:2
Pandemonium: Depths:1
Trove: Elf:3 (give +2 storm dragon scales)

Annotations:
D:5 Menkaure, Pikel
Lair:4 Nergalle
Lair:6 1 runed translucent door
Snake:3 Roxanne
Elf:1 6 runed translucent doors, 2 transporters, Ucsec's ghost, journeyman MiBe
Vaults:3 exclusion: ice statue
Crypt:1 2 transporters, Cuonoypp's ghost, veteran BaFi
Crypt:2 2 transporters, Osipn's ghost, veteran MiGl


Innate Abilities, Weirdness & Mutations

You can walk on water.
You are agile. (Dex +2)
You are somewhat resistant to further mutation.


Message History

You are splashed with acid!!
You resist.
The wall burns Bogrim!
The walls burn Ugrim!
You are splashed with acid!
You resist.
The walls burn Bogrim!
The walls burn Ugrim!
The walls burn Bogrim!
You are splashed with acid!
You resist.
The walls burn Ugrim!
The walls burn Bogrim!
The walls burn Ugrim!
You are splashed with acid!
You resist.
The walls burn Bogrim!
The walls burn Ugrim!
You are splashed with acid!!
You resist.
The walls burn Bogrim!
The walls burn Ugrim!
You are splashed with acid!
You resist.
The walls burn Bogrim!
The walls burn Ugrim!
The walls burn Bogrim!
You swap places.
You are splashed with acid!
You resist.
The walls burn Ugrim!
The walls burn Bogrim!
The walls burn Ugrim!
You are splashed with acid!!
You resist.
The walls burn Bogrim!
The walls burn Ugrim!
The walls burn Bogrim!
You are splashed with acid!
You resist.
The walls burn Ugrim!
The walls burn Bogrim!
The walls burn Ugrim!
You are splashed with acid!
You resist.
* * * LOW HITPOINT WARNING * * *
The walls burn Bogrim!
The wall burns Gorg!
The walls burn Ugrim!
The walls burn Bogrim!
The wall burns Gorg!
You are splashed with acid!
You resist.
* * * LOW HITPOINT WARNING * * *
The walls burn Ugrim!
The walls burn Gorg!
The walls burn Bogrim!
The walls burn Ugrim!
You swap places.
You are splashed with acid!
You resist.
* * * LOW HITPOINT WARNING * * *
The walls burn Bogrim!
The walls burn Ugrim!
Okay, then.
You feel better.
You are splashed with acid!!
You resist.
* * * LOW HITPOINT WARNING * * *
The walls burn Gorg!
The walls burn Bogrim!
The walls burn Ugrim!
You almost manage to decipher the scroll, but fail in this attempt.
You are splashed with acid!
You resist.
* * * LOW HITPOINT WARNING * * *
The walls burn Bogrim!
The walls burn Gorg!
The walls burn Ugrim!
The walls burn Gorg!
You are splashed with acid!!
You resist.
You die...

### ##.## #...# ##.### ##
#....###.##
####.oo.#...### .##
##.####o#......##...#
##...###.#..........#
###.....#.@....##.#...#
##.#.....#..#....#.#..#
#.....................#
##.#.................# ###
####...............####.##
#...#.##.........##...##
##.#...###........##...#
###.........>..........
###....................


You could see the friendly Bogrim the orc warlord, the friendly Gorg the orc
warlord and the friendly Ugrim the orc warlord.

Vanquished Creatures
  A juggernaut (Depths:1)
  A royal mummy (Crypt:3)
  Xtahua (Vaults:4)
  2 golden dragons
  Rupert (Lair:6)
  2 tentacled monstrosities
  2 liches
  A deep elf blademaster (Elf:3)
  A deep elf master archer (Elf:3)
  2 ancient champions (Crypt:1)
  2 sphinxes
  4 tengu reavers
  The ghost of Ousak the Spry, an adept OpTm of Ru (Snake:1)
  2 storm dragons (Vaults:5)
  2 nagarajas (Snake:4)
  2 fire giants
  A fenstrider witch (Swamp:4)
  Louise (Elf:1)
  A frost giant (Depths:2)
  2 deep elf sorcerers
  A deep elf elementalist (Depths:1)
  2 orc warlords
  5 vault wardens
  A curse skull (Crypt:3)
  4 ironbound preservers
  3 ghouls (Crypt:2)
  A quicksilver ooze (Slime:1)
  8 stone giants
  2 very ugly things (Depths:2)
  3 deep elf demonologists
  3 vampire knights
  5 entropy weavers
  A deep elf annihilator (Vaults:5)
  A dire elephant (Vaults:3)
  4 eleionomae
  2 spark wasps
  2 bunyips
  5 eidola
  3 mummy priests (Crypt:3)
  An ettin (shapeshifter) (Vaults:5)
  2 yaktaur captains (Vaults:5)
  A shambling mangrove (Swamp:4)
  3 fire dragons
  3 deep elf high priests
  2 ettins (Depths:2)
  4 jiangshi (Crypt:2)
  2 ironbound thunderhulks
  6 vault guards
  A boulder beetle (Vaults:1)
  5 naga warriors
  2 rakshasas
  An ogre mage (Swamp:4)
  7 hydras
  A death knight (Crypt:1)
  2 ghost crabs (Lair:5)
  3 anacondas
  9 centaur warriors
  A two-headed ogre (D:11)
  4 ironbound frosthearts
  5 alligators
  6 dancing weapons
  An ironbound beastmaster (Vaults:4)
  8 shock serpents
  A tengu warrior (D:14)
  3 naga sharpshooters
  A vampire mage (Crypt:2)
  4 orc high priests
  Urug (Orc:2)
  Nergalle (Lair:4)
  11 deep elf knights
  14 skeletal warriors
  4 fire crabs (Lair:5)
  A storm dragon skeleton (Crypt:1)
  A goliath frog (Swamp:1)
  A glowing orange brain (Vaults:1)
  A spriggan druid (Swamp:4)
  3 iron trolls
  A salamander mystic (Snake:2)
  A sea snake (Snake:3)
  An anaconda zombie (Crypt:2)
  An iron giant zombie (Crypt:2)
  A death drake (Swamp:4)
  9 deep trolls
  3 lindwurms
  A flayed ghost (Crypt:2)
  6 bog bodies
  4 ironbound convokers
  2 deep elf archers
  5 phantasmal warriors
  2 iron dragon zombies
  2 necromancers
  4 orc knights
  4 mana vipers
  3 wizards
  11 ugly things
  13 deep elf zephyrmancers
  A wolf spider (Vaults:4)
  An anaconda skeleton (Crypt:2)
  11 deep elf pyromancers
  2 orc sorcerers (Elf:1)
  5 salamanders
  A fire giant zombie (Crypt:1)
  6 cyclopes
  12 elephants
  A salamander (shapeshifter) (D:14)
  2 manticores
  23 black mambas
  A guardian serpent (Snake:4)
  A vault sentinel (Vaults:4)
  5 naga magi
  A fire giant skeleton (Crypt:2)
  A gargoyle (D:12)
  9 cane toads
  3 torpor snails
  An unseen horror (shapeshifter) (D:15)
  An unseen horror (Depths:2)
  5 rime drakes
  Maggie (D:8)
  3 kobold demonologists
  5 freezing wraiths
  15 yaktaurs
  3 tengu conjurers (Depths:2)
  2 komodo dragons
  13 guardian mummies (Crypt:3)
  3 trolls
  14 hornets
  5 tyrant leeches
  A meliai (D:15)
  12 polar bears
  5 blink frogs
  An ettin zombie (Crypt:2)
  7 slime creatures
  A jumping spider zombie (Crypt:1)
  A satyr skeleton (Crypt:2)
  2 redbacks (Vaults:3)
  An air elemental (Elf:1)
  3 flying skulls (Crypt:1)
  5 spriggans
  A shadow (D:8)
  A fire dragon skeleton (Depths:1)
  3 wyverns
  24 yaks
  2 water elementals
  2 wraiths (Crypt:1)
  Eustachio (D:6)
  A large abomination (Depths:2)
  A neqoxec (Swamp:4)
  A hog (shapeshifter) (D:15)
  14 swamp worms
  2 steam dragons
  2 wargs (Lair:6)
  2 vampire mosquitoes (Swamp:1)
  A redback simulacrum (D:15)
  A small abomination (Depths:2)
  A two-headed ogre zombie (Crypt:3)
  18 nagas
  16 water moccasins
  4 hell hounds (Lair:6)
  Duvessa (D:4)
  A meliai simulacrum (D:14)
  9 orc warriors
  2 sky beasts
  A swamp drake (Swamp:3)
  5 black bears
  4 ogres
  16 wolves
  4 necrophages
  A boggart (Elf:1)
  A phantom (D:5)
  14 centaurs
  A lemure (D:5)
  2 gnoll sergeants (D:9)
  A rime drake skeleton (Crypt:3)
  2 kobold brigands (D:8)
  7 bullfrogs
  A wyvern zombie (D:5)
  An earth elemental (Elf:2)
  5 two-headed ogre simulacra (IceCv)
  2 scorpions
  3 cane toad simulacra (IceCv)
  Dowan (D:4)
  4 killer bees (D:8)
  A snapping turtle simulacrum (Crypt:2)
  A polar bear zombie (Crypt:3)
  2 wights (D:8)
  A troll skeleton (Crypt:1)
  A vampire bat (D:11)
  An electric eel (D:12)
  5 howler monkeys
  A centaur zombie (D:3)
  A jelly (D:5)
  A basilisk zombie (Crypt:2)
  A black bear zombie (Crypt:3)
  6 orc priests
  A bullfrog skeleton (D:6)
  2 centaur skeletons
  3 iguanas (D:4)
  7 orc wizards
  4 polar bear simulacra (D:9)
  5 human skeletons (Vaults:3)
  2 yak simulacra (D:9)
  4 spriggan simulacra (IceCv)
  A wolf simulacrum (IceCv)
  An ogre skeleton (Crypt:2)
  2 hound skeletons
  2 mummies (Crypt:3)
  A howler monkey zombie (D:9)
  Robin (D:3)
  6 adders
  12 gnolls
  2 howler monkey skeletons (D:7)
  4 naga simulacra (IceCv)
  A shadow imp (D:7)
  6 white imps
  10 ufetubi
  An adder skeleton (D:4)
  A worm (D:3)
  5 dart slugs
  21 orcs
  2 bat skeletons (D:11)
  3 bat zombies (D:11)
  7 endoplasms
  3 giant cockroaches
  A gnoll zombie (Crypt:3)
  17 goblins
  6 hobgoblins
  3 jackals (D:2)
  22 kobolds
  A quokka (D:1)
  5 ball pythons
  6 bats
  5 frilled lizards
  A hobgoblin skeleton (Crypt:1)
  A jackal skeleton (Crypt:2)
  An orc skeleton (Crypt:1)
  13 rats
  5 river rat simulacra (D:9)
901 creatures vanquished.

Vanquished Creatures (collateral kills)
  Mara (Crypt:2)
  A juggernaut (Depths:2)
  The ghost of Gwenloh the Cryomancer, a veteran BaIE of Vehumet (Vaults:3)
  Saint Roka (Vaults:4)
  Vashnia (Snake:4)
  A golden dragon (Depths:1)
  Jory (Crypt:3)
  A shard shrike zombie (Crypt:1)
  2 tentacled monstrosities
  Asterion (Snake:2)
  3 liches
  A deep elf master archer (Elf:3)
  2 titans
  A deep elf blademaster (Elf:3)
  A quicksilver dragon (Vaults:5)
  2 acid blobs (Slime:1)
  7 sphinxes
  An ancient champion (Crypt:3)
  2 thorn hunters
  3 storm dragons (Vaults:5)
  8 shadow dragons
  5 tengu reavers
  A revenant (Crypt:3)
  3 nagarajas
  Donald (Orc:2)
  6 fire giants
  2 fenstrider witches (Swamp:4)
  6 deep elf sorcerers
  2 orc warlords
  Aizul (Snake:3)
  6 frost giants
  10 vault wardens
  3 deep elf elementalists (Elf:3)
  9 very ugly things
  10 ghouls
  A caustic shrike zombie (Crypt:1)
  10 ironbound preservers
  3 vampire knights
  2 reapers (Swamp:4)
  14 stone giants
  7 deep elf demonologists
  4 deep elf annihilators
  An entropy weaver (Lair:5)
  Azrael (D:13)
  A dire elephant (Vaults:3)
  Snorg (D:13)
  A bunyip (Swamp:4)
  4 deep elf death magi (Elf:3)
  6 eidola
  2 mummy priests (Crypt:3)
  An eleionoma (Swamp:1)
  A quicksilver dragon zombie (Crypt:2)
  3 jiangshi (Crypt:2)
  9 ettins
  7 yaktaur captains
  6 great orbs of eyes
  4 deep elf high priests
  3 ice dragons (Depths:1)
  2 fire dragons (Depths:1)
  3 ironbound thunderhulks
  Josephine (Orc:2)
  2 rakshasas
  11 naga warriors
  Fannar (D:12)
  8 hydras
  27 vault guards
  3 salamander tyrants (Snake:4)
  3 spriggan air magi
  7 boulder beetles
  A catoblepas (Lair:5)
  4 ogre magi
  9 anacondas
  5 two-headed ogres
  6 ironbound frosthearts
  2 ghost crabs (Swamp:1)
  22 dancing weapons
  5 centaur warriors (D:14)
  5 alligators
  7 vampire magi
  2 death knights
  8 deep troll earth magi
  A deep troll shaman (Depths:2)
  8 tengu warriors
  4 orc high priests
  3 death yaks (Lair:5)
  4 ironbound beastmasters
  3 spriggan berserkers (Depths:2)
  4 hell knights
  7 naga sharpshooters
  Sonja (Orc:2)
  11 deep elf knights
  2 shock serpents
  3 soul eaters
  2 fire crabs (Lair:5)
  4 salamander mystics
  An iron troll (Vaults:5)
  An anaconda zombie (Crypt:2)
  16 skeletal warriors
  2 sixfirhies (Swamp:4)
  3 goliath frogs
  43 deep trolls
  A flayed ghost (Vaults:5)
  5 naga ritualists
  2 glowing orange brains
  8 ironbound convokers
  2 spriggan druids
  12 deep elf archers
  A swamp dragon (Swamp:1)
  6 wizards
  12 bog bodies
  14 deep elf pyromancers
  3 lindwurms
  An anaconda skeleton (Crypt:3)
  31 deep elf zephyrmancers
  7 necromancers
  5 phantasmal warriors
  8 orc knights
  A fire giant zombie (Crypt:2)
  5 mana vipers
  A wolf spider (D:14)
  A manticore (D:14)
  2 orc sorcerers
  A frost giant zombie (Depths:1)
  41 ugly things
  2 will-o-the-wisps (Swamp:1)
  A salamander (shapeshifter) (D:14)
  5 cyclopes
  7 large abominations (Depths:2)
  11 salamanders
  2 worldbinders (Elf:1)
  5 elephants
  A fire giant skeleton (Depths:1)
  8 guardian serpents
  21 black mambas
  A stone giant skeleton (Crypt:2)
  4 centaur zombies
  3 orange demons (Swamp:4)
  3 torpor snails (Lair:6)
  16 naga magi
  15 vault sentinels
  9 cane toads
  3 rime drakes
  An unseen horror (Depths:2)
  A redback zombie (D:15)
  18 yaktaurs
  6 komodo dragons
  A tengu conjurer (Depths:1)
  An efreet (D:15)
  A yaktaur (shapeshifter) (Vaults:5)
  A minotaur skeleton (Crypt:3)
  7 freezing wraiths
  5 hellwings (Swamp:4)
  20 guardian mummies (Crypt:3)
  2 polar bears (Lair:6)
  6 meliai
  2 trolls
  5 tyrant leeches
  6 hornets
  Prince Ribbit (D:7)
  A hornet (shapeshifter) (D:14)
  A meliai zombie (D:11)
  2 raiju (Lair:6)
  A harpy skeleton (Crypt:1)
  11 blink frogs
  25 slime creatures
  An ettin skeleton (Depths:1)
  An alligator skeleton (Crypt:2)
  A stone giant simulacrum (Crypt:2)
  2 flying skulls (Crypt:1)
  6 spriggans
  2 air elementals (Elf:1)
  6 ushabtiu (Crypt:3)
  3 water elementals
  6 wraiths
  2 redbacks (Vaults:3)
  A vampire (D:14)
  4 wyverns
  4 basilisks
  30 yaks
  A basilisk (shapeshifter) (D:13)
  4 fire elementals
  A steam dragon (Lair:3)
  2 chaos spawn (Depths:2)
  4 vampire mosquitoes
  2 small abominations (Depths:2)
  5 wargs
  A swamp worm (Swamp:4)
  42 nagas
  12 hell hounds
  2 acid dragons (D:14)
  12 water moccasins
  A floating eye (shapeshifter) (Elf:2)
  3 swamp drakes
  8 black bears
  10 orc warriors
  A swamp dragon zombie (Crypt:1)
  2 necrophages
  2 boggarts
  An ogre (D:13)
  A snapping turtle skeleton (Crypt:2)
  A swamp dragon skeleton (Crypt:2)
  4 centaurs
  7 wolves
  An elephant skeleton (Crypt:2)
  An earth elemental (Elf:1)
  2 kobold brigands (D:13)
  4 bullfrogs
  2 killer bees (D:8)
  2 wights (D:8)
  4 electric eels
  2 howler monkeys
  9 orc priests
  7 human skeletons (Vaults:3)
  5 orc wizards
  4 mummies (Crypt:3)
  An adder (Lair:1)
  16 orcs
  A kobold (D:13)
  5 briar patches (Swamp:4)
  A butterfly (Lair:6)
  A fungus (Lair:5)
  2 plants (D:12)
  A withered plant (Swamp:1)
1147 creatures vanquished.

Vanquished Creatures (others)
  3 orc warlords
  4 orc sorcerers
  15 orc knights
  4 orc high priests
  A deep elf zephyrmancer (Elf:1)
  2 wizards
  A salamander (Snake:4)
  A deep elf pyromancer (Elf:1)
  A bloated husk (Swamp:4)
  A blink frog (shapeshifter) (Vaults:5)
  A hound (Lair:3)
  A swamp drake (Swamp:1)
  5 orc warriors
  16 orc priests
  21 orc wizards
  57 orcs
  A kobold (D:13)
  A briar patch (Swamp:4)
  9 foxfires (Swamp:1)
  43 fungi
  105 plants
  30 withered plants (Swamp:1)
323 creatures vanquished.

Grand Total: 2371 creatures vanquished

Notes
Turn   | Place    | Note
-------+----------+-------------------------------------------
     0 | D:1      | Nanban the Hill Orc Monk began the quest for the Orb.
     0 | D:1      | Reached XP level 1. HP: 19/19 MP: 1/1
   227 | D:1      | Reached XP level 2. HP: 26/27 MP: 2/2
   469 | D:1      | Found Esiez's Antique Weapon Emporium.
   683 | D:1      | Reached XP level 3. HP: 31/34 MP: 3/3
  1114 | D:2      | Noticed a necrophage
  1148 | D:2      | Killed a necrophage
  1149 | D:2      | Reached skill level 5 in Axes
  1149 | D:2      | Reached skill level 1 in Armour
  1149 | D:2      | Reached XP level 4. HP: 29/41 MP: 4/4
  1149 | D:2      | Reached XP level 5. HP: 33/47 MP: 5/5
  1283 | D:2      | Identified a scroll of acquirement
  1283 | D:2      | Acquired the +9 plate armour of the Stars {Will- Regen+
                  | Str+3}
  1302 | D:3      | HP: 1/47 [kobold (4)]
  2013 | D:2      | Found an ornate altar of the Wu Jian Council.
  2315 | D:3      | Noticed Robin
  2327 | D:3      | Killed Robin
  2336 | D:3      | Reached skill level 5 in Fighting
  2359 | D:3      | Found a faded altar of an unknown god.
  2371 | D:3      | Got Plato's Handbook of Air
  2411 | D:3      | Found a snail-covered altar of Cheibriados.
  2411 | D:3      | Found a bloodstained altar of Trog.
  2426 | D:3      | Reached XP level 6. HP: 52/56 MP: 6/6
  2919 | D:3      | Became a worshipper of Beogh the Brigand
  2919 | D:3      | Reached * piety under Beogh
  2919 | D:3      | Reached ** piety under Beogh
  3459 | D:4      | Found a staircase to the Ecumenical Temple.
  3554 | D:4      | Found a sacrificial altar of Ru.
  3676 | D:4      | Noticed Duvessa
  3676 | D:4      | Noticed Dowan
  3685 | D:4      | Killed Duvessa
  3686 | D:4      | Reached skill level 1 in Invocations
  3686 | D:4      | Reached XP level 7. HP: 61/61 MP: 6/8
  3688 | D:4      | Killed Dowan
  4279 | D:1      | Bought a broad axe for 96 gold pieces
  4404 | D:4      | Found Eromod's General Store.
  4582 | D:5      | Entered Level 5 of the Dungeon
  4608 | D:5      | Noticed Menkaure
  4816 | D:5      | Noticed Pikel
  4854 | D:5      | Reached XP level 8. HP: 36/70 MP: 10/10
  4999 | D:6      | Noticed Eustachio
  5022 | D:6      | Killed Eustachio
  5079 | D:6      | Reached skill level 10 in Axes
  5088 | D:6      | Found Itzugous's Firing Range.
  5155 | D:6      | Reached *** piety under Beogh
  5268 | D:6      | Found Xilec's General Store.
  5269 | D:6      | Got Ytaicvor's Catalogue of Noxious Stones
  5272 | D:6      | Bought a scroll of identify for 28 gold pieces
  5272 | D:6      | Bought a scroll of identify for 28 gold pieces
  5637 | D:7      | Found a shimmering blue altar of Sif Muna.
  5645 | D:7      | Reached XP level 9. HP: 73/75 MP: 10/12
  5948 | D:7      | Noticed Prince Ribbit
  5968 | D:7      | Killed Prince Ribbit
  6504 | D:8      | Noticed a centaur warrior
  6512 | D:8      | Killed a centaur warrior
  6515 | D:8      | Found an iron altar of Okawaru.
  6669 | D:8      | Reached XP level 10. HP: 47/83 MP: 13/13
  6670 | D:8      | Reached **** piety under Beogh
  6838 | D:8      | Noticed Maggie
  6844 | D:8      | Reached skill level 15 in Axes
  6848 | D:8      | Killed Maggie
  6857 | D:8      | Found a staircase to the Lair.
  7591 | Lair:1   | Entered Level 1 of the Lair of Beasts
  7720 | Lair:1   | Noticed a boulder beetle
  7743 | Lair:1   | Killed a boulder beetle
  8094 | Lair:1   | Noticed a cane toad
  8101 | Lair:1   | Killed a cane toad
  8247 | Lair:1   | Noticed a cane toad
  8248 | Lair:1   | Noticed a cane toad
  8250 | Lair:1   | Killed a cane toad
  8257 | Lair:1   | Killed a cane toad
  8302 | Lair:1   | Reached XP level 11. HP: 89/89 MP: 14/14
  8306 | Lair:1   | Gained Zartorak as an ally
  8347 | Lair:1   | Gained Gorm as an ally
  8348 | Lair:1   | Reached skill level 1 in Unarmed Combat
  8376 | Lair:1   | Found the +8 whip "Snakebite" {venom, curare, rPois}
  8848 | Lair:2   | Reached skill level 5 in Armour
  8849 | Lair:2   | Reached skill level 1 in Maces & Flails
  9003 | Lair:2   | Reached skill level 5 in Invocations
  9060 | Lair:2   | Got Sif Muna's Papyrus of Malediction
  9132 | Lair:2   | Reached ***** piety under Beogh
  9612 | Lair:3   | Noticed a four-headed hydra
  9614 | Lair:3   | Your ally Zartorak died
  9616 | Lair:3   | Gained Beowulf as an ally
  9630 | Lair:3   | Killed a four-headed hydra
  9650 | Lair:3   | Reached skill level 5 in Maces & Flails
  9718 | Lair:3   | Noticed a six-headed hydra
  9725 | Lair:3   | Killed a six-headed hydra
  9726 | Lair:3   | Reached XP level 12. HP: 97/97 MP: 16/16
  9957 | Lair:3   | Found a staircase to the Snake Pit.
 10170 | Lair:3   | Noticed an eight-headed hydra
 10185 | Lair:3   | Killed an eight-headed hydra
 10869 | Lair:4   | Noticed Nergalle
 10878 | Lair:4   | Your ally died
 11007 | Lair:4   | Noticed a five-headed hydra
 11017 | Lair:4   | Killed a five-headed hydra
 11510 | Lair:5   | Noticed a seven-headed hydra
 11531 | Lair:5   | Killed a seven-headed hydra
 11547 | Lair:5   | Reached ****** piety under Beogh
 11710 | Lair:5   | Reached skill level 10 in Maces & Flails
 11716 | Lair:5   | Reached XP level 13. HP: 102/107 MP: 19/19
 11798 | Lair:5   | Acquired the ring "Tyrhaep" {rElec rPois rN+ Int-3 Dex+6}
 12014 | Lair:5   | Found a staircase to the Slime Pits.
 12014 | Lair:5   | Found a viscous altar of Jiyva.
 12064 | Lair:5   | Found a runed translucent door.
 12250 | Lair:5   | Noticed an entropy weaver
 12261 | Lair:5   | Killed an entropy weaver
 12537 | Lair:5   | Identified the +13 chain mail "Plog" {rC++ Regen+}
 12547 | Lair:5   | Noticed an entropy weaver
 12564 | Lair:5   | Killed an entropy weaver
 12572 | Lair:5   | Your ally Beowulf died
 12634 | Lair:5   | Noticed an entropy weaver
 12643 | Lair:5   | Killed an entropy weaver
 13061 | Lair:5   | Noticed an entropy weaver
 13077 | Lair:5   | Killed an entropy weaver
 13114 | Lair:5   | Your ally Gorm died
 13115 | Lair:5   | Your ally Beowulf died
 13499 | D:9      | Found Jueceac's Antique Weapon Shop.
 14227 | D:10     | Entered Level 10 of the Dungeon
 14244 | D:10     | Gained Ugrim as an ally
 14350 | D:10     | Found Enesiat's Distillery.
 14363 | D:10     | Bought a potion of might for 48 gold pieces
 14590 | D:10     | Found a glowing golden altar of the Shining One.
 14590 | D:10     | Found an opulent altar of Gozag.
 14592 | D:10     | Found a broken altar of Ashenzari.
 14657 | D:10     | Found the +14 obsidian axe {vorpal, Drain Fly SInv}
 15020 | D:11     | Found an ancient bone altar of Kikubaaqudgha.
 15588 | D:11     | Reached skill level 10 in Invocations
 15836 | D:11     | Found a staircase to the Orcish Mines.
 15849 | Orc:1    | Entered Level 1 of the Orcish Mines
 15872 | Orc:1    | Reached XP level 14. HP: 111/118 MP: 21/21
 15878 | Orc:1    | Found Xemiopoe's Armour Emporium.
 15902 | Orc:1    | Bought a +0 tower shield for 49 gold pieces
 15902 | Orc:1    | Bought a +1 pair of boots of rampaging for 181 gold pieces
 15902 | Orc:1    | Bought a +0 kite shield for 49 gold pieces
 16067 | Orc:1    | Found a frozen archway.
 16358 | IceCv    | Entered an ice cave
 17445 | Lair:4   | Reached skill level 1 in Shields
 17449 | Lair:4   | Found a staircase to the Swamp.
 17681 | Lair:5   | Gained Brunolf as an ally
 17741 | Lair:5   | Reached skill level 10 in Armour
 17753 | Lair:5   | Gained Gorg as an ally
 18350 | Lair:6   | Entered Level 6 of the Lair of Beasts
 18524 | Lair:6   | Noticed Rupert
 18532 | Lair:6   | Killed Rupert
 18649 | Lair:6   | Reached skill level 10 in Fighting
 19255 | Lair:6   | Identified the +3 scale mail of Somoomeo {Will+ MP+9}
 19269 | Lair:6   | Identified the +8 trident of Useseamp {elec, *Slow Dex+7
                  | Stlth+}
 19341 | Lair:6   | Gained Zorug as an ally
 19594 | Lair:6   | Found a runed translucent door.
 19675 | Lair:6   | Reached XP level 15. HP: 128/128 MP: 23/23
 19807 | Lair:6   | Found a shimmering altar of Xom.
 22004 | D:12     | Reached skill level 5 in Shields
 22842 | D:12     | Identified the +3 ring mail "Webb" {Will+}
 22920 | D:12     | Noticed Fannar
 22927 | D:12     | Killed Fannar
 23315 | D:13     | Found a bloodstained altar of Trog.
 23669 | D:13     | Noticed Snorg
 23678 | D:13     | Killed Snorg
 23903 | D:13     | Noticed Azrael
 23916 | D:13     | Killed Azrael
 24174 | D:13     | Found a gate to the Vaults.
 24471 | D:14     | Gained Wargrak as an ally
 24472 | D:14     | Found a bloodstained altar of Trog.
 24599 | D:14     | Your ally Wargrak died
 24621 | D:14     | Noticed a fire giant
 24627 | D:14     | Killed a fire giant
 24641 | D:14     | Your ally Gorg died
 24644 | D:14     | Gained Bogfrid as an ally
 24645 | D:14     | Gained Okrist as an ally
 24676 | D:14     | Your ally Brunolf died
 24682 | D:14     | Your ally Okrist died
 24684 | D:14     | Reached XP level 16. HP: 86/137 MP: 5/26
 24775 | D:14     | Found a radiant altar of Vehumet.
 25609 | D:15     | Entered Level 15 of the Dungeon
 25663 | D:15     | Found a basalt altar of Yredelemnul.
 26448 | D:15     | Found a staircase to the Depths.
 27152 | Swamp:1  | Entered Level 1 of the Swamp
 27174 | Swamp:1  | Your ally Bogfrid died
 27406 | Swamp:1  | Reached skill level 15 in Maces & Flails
 28165 | Orc:2    | Entered Level 2 of the Orcish Mines
 28199 | Orc:2    | Noticed Donald
 28407 | Snake:1  | Entered Level 1 of the Snake Pit
 28476 | Snake:1  | Reached skill level 15 in Invocations
 28973 | Snake:1  | Found a runed translucent door.
 28974 | Snake:1  | Found a shimmering altar of Xom.
 28974 | Snake:1  | Noticed Ousak's ghost (adept OpTm)
 28995 | Snake:1  | Killed Ousak's ghost
 29332 | Snake:1  | Found Hackibeb's Book Shoppe.
 29333 | Snake:1  | Found Dosefobi's Jewellery Shop.
 29335 | Snake:1  | Found Paseikh's Book Shoppe.
 29370 | Snake:1  | Bought the amulet of Heuptan {Faith Regen+ rCorr Dex+4} for
                  | 915 gold pieces
 30085 | Snake:2  | Noticed Asterion
 30096 | Snake:2  | Killed Asterion
 30189 | Snake:2  | Gained mutation: You are partially covered in iridescent
                  | scales. (AC +2) [potion of mutation]
 30189 | Snake:2  | Gained mutation: You passively map a small area around you.
                  | [potion of mutation]
 30843 | Snake:3  | Reached XP level 17. HP: 139/146 MP: 28/28
 30868 | Snake:3  | Found Symatt's Magic Scroll Emporium.
 30903 | Snake:3  | Gained Morun as an ally
 30927 | Snake:3  | Bought a scroll of acquirement for 936 gold pieces
 30927 | Snake:3  | Acquired a scarf of resistance
 31116 | Snake:3  | Your ally Morun died
 31128 | Snake:3  | Your ally Zorug died
 31537 | Snake:3  | Noticed Aizul
 31553 | Snake:3  | Killed Aizul
 31582 | Snake:3  | Reached skill level 10 in Shields
 31764 | Snake:3  | Noticed Roxanne
 32606 | Snake:4  | Entered Level 4 of the Snake Pit
 34382 | Snake:4  | Noticed Vashnia
 34417 | Snake:4  | Killed Vashnia
 34481 | Snake:4  | Got a serpentine rune of Zot
 35792 | Orc:2    | Noticed Urug
 35801 | Orc:2    | Killed Urug
 36184 | Swamp:1  | Reached XP level 18. HP: 152/157 MP: 29/29
 38200 | Swamp:3  | Gained Nordag as an ally
 38830 | Swamp:4  | Entered Level 4 of the Swamp
 40458 | Swamp:4  | Got a decaying rune of Zot
 40806 | Vaults:1 | Entered Level 1 of the Vaults
 40814 | Vaults:1 | Your ally Nordag died
 40819 | Vaults:1 | Your ally Ugrim died
 40955 | Orc:2    | Found a staircase to the Elven Halls.
 40958 | Orc:2    | Found Ammobuit's Antique Weapon Shop.
 40990 | Orc:2    | Killed Donald
 42084 | Vaults:1 | Reached XP level 19. HP: 156/169 MP: 28/30
 43273 | Vaults:2 | Reached skill level 5 in Dodging
 43984 | Vaults:2 | Found a staircase to the Crypt.
 44083 | Vaults:2 | Reached skill level 15 in Fighting
 44396 | Vaults:2 | Found Piezed's Antique Armour Boutique.
 44431 | Vaults:2 | Bought a pair of dazzling gloves for 323 gold pieces
 44431 | Vaults:2 | Identified the +0 pair of gloves "Puoteu" {rPois rN+} (You
                  | bought it in a shop on level 2 of the Vaults)
 44445 | Vaults:2 | Bought a blackened cloak for 323 gold pieces
 44445 | Vaults:2 | Identified the +1 cloak "Berik" {rElec rN++ Int-4} (You
                  | bought it in a shop on level 2 of the Vaults)
 45832 | Vaults:3 | Found a large runed translucent door.
 45836 | Vaults:3 | Found a large runed translucent door.
 45836 | Vaults:3 | Found a large runed translucent door.
 45836 | Vaults:3 | Found a large runed translucent door.
 45836 | Vaults:3 | Found a large runed translucent door.
 45836 | Vaults:3 | Found a large runed translucent door.
 45836 | Vaults:3 | Noticed Gwenloh's ghost (veteran BaIE)
 45836 | Vaults:3 | Identified the ring "Kyw Noom" {Drain rN+++ EV+4 Str+9
                  | Int-3}
 45839 | Vaults:3 | Found a large runed translucent door.
 45839 | Vaults:3 | Found a large runed translucent door.
 46097 | Vaults:3 | You fall into a shaft and drop 1 floor!
 46173 | Vaults:4 | Noticed Saint Roka
 46174 | Vaults:4 | Noticed Xtahua
 46180 | Vaults:4 | Killed Xtahua
 46181 | Vaults:4 | Gained Bogrim as an ally
 46186 | Vaults:4 | Killed Saint Roka
 46518 | Vaults:3 | Killed Gwenloh's ghost
 46658 | Vaults:3 | You fall into a shaft and drop 1 floor!
 46966 | Vaults:3 | Reached XP level 20. HP: 180/180 MP: 32/32
 47653 | Vaults:4 | Reached skill level 15 in Armour
 48715 | Vaults:5 | Entered Level 5 of the Vaults
 49091 | Orc:2    | Noticed Josephine
 49104 | Orc:2    | Killed Josephine
 49135 | Orc:2    | Found a radiant altar of Vehumet.
 49221 | Orc:2    | Found Kaucw's General Store.
 49221 | Orc:2    | Found Qaleruo's Antique Armour Boutique.
 49233 | Orc:2    | Found Noalutof's Weapon Shop.
 49234 | Orc:2    | Found Ruecew's Antique Weapon Shop.
 49236 | Orc:2    | Killed Sonja
 49395 | Orc:2    | Bought a shimmering war axe for 272 gold pieces
 49395 | Orc:2    | Identified the +7 war axe "Opnakit" {holy, Str+3} (You
                  | bought it in a shop on level 2 of the Orcish Mines)
 49447 | Elf:1    | Entered Level 1 of the Elven Halls
 49649 | Elf:1    | Paralysed by an air elemental for 1 turns
 49660 | Elf:1    | Gained Bogbrand as an ally
 50429 | Elf:1    | Paralysed by an air elemental for 1 turns
 50448 | Elf:1    | Noticed Louise
 50462 | Elf:1    | Killed Louise
 50500 | Elf:1    | Found a runed translucent gate.
 50500 | Elf:1    | Found a runed translucent gate.
 50500 | Elf:1    | Found a runed translucent gate.
 50500 | Elf:1    | Found a runed translucent gate.
 50500 | Elf:1    | Found a runed translucent gate.
 50501 | Elf:1    | Found a runed translucent gate.
 50735 | Elf:1    | Got Mesist's Catalogue of Calling
 50839 | Elf:1    | Found a transporter.
 50844 | Elf:1    | Noticed Ucsec's ghost (journeyman MiBe)
 50892 | Elf:1    | Gained Orgrim as an ally
 50944 | Elf:1    | Found a transporter.
 51301 | Elf:1    | Paralysed by an air elemental for 1 turns
 51893 | Elf:2    | Your ally Orgrim died
 52369 | Elf:2    | Found Viodgh's Antique Weapon Shoppe.
 52379 | Elf:2    | Bought an encrusted mace for 320 gold pieces
 52379 | Elf:2    | Identified the +7 mace of the Dead {venom, Str+4} (You
                  | bought it in a shop on level 2 of the Elven Halls)
 52541 | Elf:2    | Found a runed translucent gate.
 52542 | Elf:2    | Found a runed translucent gate.
 52542 | Elf:2    | Found a runed translucent gate.
 53836 | Elf:3    | Entered Level 3 of the Elven Halls
 53924 | Elf:3    | Reached XP level 21. HP: 189/189 MP: 33/33
 53944 | Elf:3    | Your ally Bogbrand died
 54350 | Elf:3    | Identified the ring of Qocwarass {Contam +Blink rC+ Str+6}
 54368 | Elf:3    | Found Xitouq's Magic Scroll Shoppe.
 54425 | Elf:3    | Found Ixoitah's Book Emporium.
 54446 | Elf:3    | Found a portal to a secret trove of treasure.
 55223 | Elf:3    | Identified the +6 broad axe of Taxation {elec, rPois}
 55233 | Elf:3    | Identified the +4 war axe "Hokudelewa" {antimagic, Dex+2}
 55433 | Elf:3    | Identified the +1 robe of Daill {rCorr Str+3 Int+2 Dex+3}
 55501 | Elf:3    | Got the Collected Works on Creation
 55582 | Elf:3    | Reached skill level 1 in Short Blades
 55582 | Elf:3    | Reached skill level 1 in Long Blades
 55582 | Elf:3    | Reached skill level 1 in Polearms
 55582 | Elf:3    | Reached skill level 1 in Staves
 55582 | Elf:3    | Reached XP level 22. HP: 199/199 MP: 34/34
 55643 | Elf:3    | Found the +2 ratskin cloak {*Rats rPois rN+ Str-1 Int-1
                  | Dex+1}
 55910 | Elf:3    | Bought a scroll of enchant armour for 75 gold pieces
 55910 | Elf:3    | Bought 3 scrolls of acquirement for 1560 gold pieces
 55925 | Elf:3    | Acquired a manual of Shields
 55927 | Elf:3    | Acquired the +2 hat of Patience {Str+5}
 55939 | Elf:3    | Acquired 867 gold pieces
 56514 | Snake:3  | Bought a scroll of enchant armour for 135 gold pieces
 56514 | Snake:3  | Bought a scroll of enchant armour for 135 gold pieces
 56514 | Snake:3  | Bought a scroll of enchant armour for 135 gold pieces
 56514 | Snake:3  | Bought a scroll of blinking for 135 gold pieces
 57471 | Depths:1 | Entered Level 1 of the Depths
 57520 | Depths:1 | Found a one-way gate to the infinite horrors of the Abyss.
 57627 | Depths:1 | Noticed a golden dragon
 57630 | Depths:1 | Reached skill level 15 in Shields
 57638 | Depths:1 | Killed a golden dragon
 57724 | Depths:1 | Paralysed by a great orb of eyes for 4 turns
 57984 | Depths:1 | Found a one-way gate leading to the halls of Pandemonium.
 58348 | Depths:1 | Noticed a juggernaut
 58374 | Depths:1 | Killed a juggernaut
 58681 | Depths:1 | Gained Gorg as an ally
 59031 | Depths:1 | Found a gateway to Hell.
 59092 | Depths:1 | Paralysed by a great orb of eyes for 4 turns
 59096 | Depths:1 | Your ally Bogbrand died
 59105 | Depths:1 | Your ally Gorg died
 59977 | Depths:2 | Got Veuxoumi's Grimoire of Ignition and Execration
 60982 | Depths:2 | Reached XP level 23. HP: 207/207 MP: 35/35
 61293 | Depths:2 | Noticed a golden dragon
 61307 | Depths:2 | Killed a golden dragon
 61353 | Depths:2 | Noticed a juggernaut
 61362 | Depths:2 | Killed a juggernaut
 61731 | Depths:2 | Identified the +1 hand crossbow of Mayhem {penet, rF+ MP+9
                  | Dex+4}
 62002 | Depths:2 | Lost mutation: You are partially covered in iridescent
                  | scales. (AC +2) [potion of mutation]
 62002 | Depths:2 | Lost mutation: You passively map a small area around you.
                  | [potion of mutation]
 62002 | Depths:2 | Gained mutation: You occasionally shout uncontrollably at
                  | your foes. [potion of mutation]
 62003 | Depths:2 | Lost mutation: You occasionally shout uncontrollably at
                  | your foes. [potion of mutation]
 62003 | Depths:2 | Gained mutation: You have a somewhat thin skeletal
                  | structure. (Dex +2, Stealth+) [potion of mutation]
 62003 | Depths:2 | Gained mutation: Armour fits poorly on your strangely
                  | shaped body. [potion of mutation]
 62003 | Depths:2 | Gained mutation: Your flesh is heat resistant. (rF+)
                  | [potion of mutation]
 62003 | Depths:2 | Gained mutation: You are agile. (Dex +2) [potion of
                  | mutation]
 62004 | Depths:2 | Lost mutation: You have a somewhat thin skeletal structure.
                  | (Dex +2, Stealth+) [potion of mutation]
 62004 | Depths:2 | Lost mutation: You are agile. (Dex +2) [potion of mutation]
 62004 | Depths:2 | Lost mutation: Your flesh is heat resistant. (rF+) [potion
                  | of mutation]
 62004 | Depths:2 | Gained mutation: You are clumsy. (Dex -2) [potion of
                  | mutation]
 62004 | Depths:2 | Lost mutation: You are clumsy. (Dex -2) [potion of
                  | mutation]
 62004 | Depths:2 | Gained mutation: You are covered in fur. (AC +1) [potion of
                  | mutation]
 62005 | Depths:2 | Lost mutation: You are covered in fur. (AC +1) [potion of
                  | mutation]
 62005 | Depths:2 | Lost mutation: Armour fits poorly on your strangely shaped
                  | body. [potion of mutation]
 62005 | Depths:2 | Gained mutation: You are somewhat resistant to further
                  | mutation. [potion of mutation]
 62005 | Depths:2 | Gained mutation: You are agile. (Dex +2) [potion of
                  | mutation]
 62364 | Crypt:1  | Entered Level 1 of the Crypt
 65661 | Vaults:5 | Reached XP level 24. HP: 210/220 MP: 35/35
 65665 | Vaults:5 | Reached skill level 10 in Dodging
 65978 | Vaults:5 | Identified the +4 trident "Nuseaz" {flame, Int+4}
 66208 | Vaults:5 | Found Cicsuim's Weapon Boutique.
 66400 | Vaults:5 | Got a silver rune of Zot
 66929 | Vaults:5 | Identified the +0 plate armour of the Rose {Will+ Str+4
                  | Int-5}
 66930 | Vaults:5 | Identified the +4 ring mail of Resilience {rPois}
 67563 | Crypt:1  | Paralysed by something for 2 turns
 67731 | Crypt:1  | Found a transporter.
 67773 | Crypt:1  | Found a transporter.
 67773 | Crypt:1  | Noticed Cuonoypp's ghost (veteran BaFi)
 67819 | Crypt:1  | Identified the +1 leather armour of Hadiwa {+Blink Will+
                  | Str+3 Int-5}
 68419 | Crypt:2  | Reached skill level 1 in Evocations
 68731 | Crypt:2  | Noticed Osipn's ghost (veteran MiGl)
 68732 | Crypt:2  | Found a transporter.
 68761 | Crypt:2  | Noticed Mara
 68761 | Crypt:2  | Found a transporter.
 68766 | Crypt:2  | Noticed Nanban's illusion
 68776 | Crypt:2  | Killed Mara
 68958 | Crypt:2  | Found an ancient bone altar of Kikubaaqudgha.
 69719 | Crypt:3  | Entered Level 3 of the Crypt
 69840 | Crypt:3  | Noticed Jory
 69849 | Crypt:3  | Killed Jory
 69944 | Crypt:3  | Found a staircase to the Tomb.
 70575 | Crypt:3  | Lost intelligence.
 71938 | Crypt:3  | Noticed a royal mummy
 71940 | Crypt:3  | Lost intelligence.
 71944 | Crypt:3  | Killed a royal mummy
 72169 | Crypt:3  | Got Ciasyqys's Grimoire of Darkness
 73422 | Slime:1  | Entered Level 1 of the Pits of Slime
 73840 | Slime:1  | Reached XP level 25. HP: 127/231 MP: 33/35
 74298 | Slime:1  | Splashed with acid

Illustrated notes

Levels and vault maps discovered:
D:1:      lightli_arrival_farm, layout_loops_cross, serial_shops,
          nicolae_lakefront_shop
D:2:      layout_rooms, basic_altar
D:3:      layout_basic, mainiacjoe_overflow_large_starburst,
          shapermc_ecumenical_altar_rom_forum, uniq_robin
D:4:      layout_loops_ring, nicolae_ru_path_of_blood, temple_green,
          serial_shops, shop, uniq_duvessa
D:5:      layout_rooms, uniq_pikel, uniq_menkaure, uniq_grinder
D:6:      layout_rooms, serial_shops, kennysheep_little_box,
          nicolae_shop_firing_range, uniq_eustachio
D:7:      layout_basic, mainiacjoe_overflow_six_doors_small, uniq_prince_ribbit1
D:8:      layout_loops_corners, lemuel_coloured_pillars_altar, lair_entry_dummy,
          uniq_maggie
D:9:      layout_roguey, serial_shops, shop, eino_house_with_fridge
D:10:     layout_roguey, chequers_temple_overflow_statue_of_worship,
          serial_shops, shop
D:11:     layout_roguey, david_orc_4, kennysheep_vampire_church
D:12:     layout_basic, serial_bayou, serial_bayou_shore_a, serial_bayou_pond_c,
          serial_bayou_pond_b, serial_bayou_ford_a, uniq_fannar
D:13:     layout_rooms, hangedman_vaults_entry_quadrant_bands, bloody_trog,
          uniq_azrael, uniq_snorg
D:14:     minmay_the_grid_square_5x5_5x5 [minmay_the_grid_square_5x5_six_small,
          minmay_the_grid_square_5x5_hollow_slash,
          minmay_the_grid_square_5x5_meh,
          minmay_the_grid_square_5x5_almost_minimal,
          minmay_the_grid_square_5x5_c, minmay_the_grid_square_5x5_inner_v,
          minmay_the_grid_square_5x5_prize_deathbox,
          minmay_the_grid_square_5x5_moneybag,
          minmay_the_grid_square_5x5_prize_rear_guard,
          minmay_the_grid_square_5x5_broken_cross, minmay_the_grid_square_5x5_z,
          minmay_the_grid_square_5x5_trominoes,
          minmay_the_grid_square_5x5_prize_open,
          minmay_the_grid_square_5x5_bridge,
          minmay_the_grid_square_5x5_misaligned,
          minmay_the_grid_square_5x5_gyroscope,
          minmay_the_grid_square_5x5_prize_junk,
          minmay_the_grid_square_5x5_inset,
          minmay_the_grid_square_5x5_prize_monsterx,
          minmay_the_grid_square_5x5_v, minmay_the_grid_square_5x5_longway,
          minmay_the_grid_square_5x5_shrine1,
          minmay_the_grid_square_5x5_three_small,
          minmay_the_grid_square_5x5_two_walls_a,
          minmay_the_grid_square_5x5_empty], layout_gridville, vehumet_crystals
D:15:     grunt_enter_depths_magical_seal, layout_irregular_city, basic_altar
Lair:1:   minmay_guarded_unrand_snakebite, layout_cave_pods
Lair:2:   layout_hall_layers, minivault_23
Lair:3:   layout_cave_pods, minmay_snake_entry_six_corridors, minivault_24,
          serial_bayou_pond_d
Lair:4:   layout_cave_shapes, nicolae_swamp_entry_splash_gauntlet,
          ebering_ghost_reflecting_pool, st_stairs_8,
          chequers_serial_rivers_large_b, uniq_nergalle
Lair:5:   gammafunk_mikee_crab_dinner, layout_cellular_growth, slime_altar_1
Lair:6:   hangedman_lair_caniforms_friends, layout_regular_city, wormcave,
          lemuel_centaur_altar, grunt_megastairs_1, infiniplex_staircase_pool,
          lemuel_fruit_fields, uniq_rupert
Swamp:1:  layout_basic_swamp, nicolae_swamp_round_clearing, swamp_pool2,
          st_shrine_of_shade
Swamp:2:  layout_falls_marsh, serial_swamp_ruin, hangedman_swamp_ruin_hall,
          evilmike_swamp_ruin_rubble_1
Swamp:3:  layout_basic_swamp, evilmike_swamp_ruin_house_4, swamp_pool3
Swamp:4:  nzn_swamp_witches_coven, layout_basic_swamp
Snake:1:  layout_basic, ebering_ghost_xom, st_stairs_8, minmay_shop_grove
Snake:2:  layout_gridlike, uniq_asterion
Snake:3:  layout_basic, serial_shops, nicolae_shop_stone, uniq_aizul,
          uniq_roxanne
Snake:4:  grunt_snake_rune_serpentine_throne, layout_chambers
Slime:1:  layout_caves
Orc:1:    layout_diamond_mine, serial_shops, nicolae_shop_stone,
          portal_ice_cave_rime, nicolae_orc_damp_corner
Orc:2:    st_orc_mages, layout_caves, basic_altar, serial_shops, shop,
          uniq_urug, uniq_donald, uniq_josephine, uniq_sonja
Elf:1:    nicolae_elf_arrival_no_cutting_in_line, layout_onion_city,
          gammafunk_ghost_arena, orc_legates, hangedman_research_convocations,
          uniq_louise
Elf:2:    nicolae_elf_blades_crystal_corner, layout_rooms, serial_shops, shop,
          hangedman_elven_ridges, wad_floor_pattern_untrapped
Elf:3:    elf_hall_gauntlet_narrow, layout_rooms, serial_shops, shop,
          nicolae_shop_behind_doors, nicolae_trove_entry_isolated
Vaults:1: vaults_mumra_chevron, v_misc_15, vaults_mumra_hex,
          nicolae_vaults_little_squares_5, vaults_room_door_ring,
          vaults_room_grunt_arrival_ludios, grunt_vaults_funnel, v_misc_28,
          ontoclasm_vaults_twist, vaults_room_stairs_pillars,
          layout_vaults_omnigrid
Vaults:2: nicolae_vaults_circle_grid_b, hangedman_vaults_restitches,
          nicolae_vaults_network_star, v_misc_28, ontoclasm_vaults_ring_small,
          hangedman_vaults_stretched_pinwheel, v_misc_5,
          nicolae_vaults_little_squares_3, minmay_crypt_entry_simple_round,
          layout_vaults_big_room, serial_shops, shop
Vaults:3: advil_vaults_ghost_lines, hangedman_vaults_nails,
          hangedman_vaults_capsules, dpeg_vaults_monster_row,
          ontoclasm_vaults_idyll, ontoclasm_vaults_ligature,
          nicolae_vaults_little_squares_2, ontoclasm_vaults_hangar, v_misc_30,
          ontoclasm_vaults_pinch, hangedman_vaults_corner, v_misc_25,
          ontoclasm_vaults_fault, nicolae_vaults_know_your_exits,
          grunt_vaults_bifocal, layout_vaults_omnibox, serial_shops, statue_bzr
Vaults:4: v_rooms_1, nicolae_vaults_network_quinsquares
          [nicolae_vaults_network_quincunx_subvault,
          nicolae_vaults_network_quincunx_subvault,
          nicolae_vaults_network_quincunx_subvault,
          nicolae_vaults_network_quincunx_subvault], v_misc_24,
          ontoclasm_vaults_spin, hangedman_vaults_stretched_pinwheel,
          nicolae_vaults_network_square, v_alt_pattern_4,
          hangedman_vaults_restitches, vaults_dpeg_encased_lava, v_misc_15,
          vaults_room_fours, layout_vaults_maze_snakey, uniq_xtahua,
          uniq_saint_roka
Vaults:5: serial_shops
Crypt:1:  statuecave_lemuel, layout_regular_city, gammafunk_ghost_arena
Crypt:2:  layout_regular_city, gammafunk_ghost_arena, basic_altar, uniq_mara
Crypt:3:  due_elkab, layout_chaotic_city, uniq_jory
Depths:1: minmay_dotted_concentric_squares, layout_cave_pools, hell_entry,
          kennysheep_big_empty_room, hangedman_abyss_entry_splay,
          serial_column_ruins, column_ruins_portal_squares,
          column_ruins_circle_large, column_ruins_corridor_plus,
          column_ruins_columns_straight, column_ruins_open_small,
          column_ruins_columns_straight, column_ruins_columns_corner,
          kennysheep_kite_vault
Depths:2: minmay_rotating_shell, layout_long_grid, dk_noncrumbling_2,
          minmay_room_of_horrors, hell_entry

Skill      XL: |  1  2  3  4  5  6  7  8  9 10 11 12 13 14 15 16 17 18 19 20 21 22 23 24 |
---------------+-------------------------------------------------------------------------+-----
Fighting       | 4 5 6 8 9 10 11 13 14 15 16 17 18 19 | 19.9
Axes           | 5 6 8 11 14 17 18 19 20 | 20.0
Armour         | 1 2 3 4 6 7 9 11 12 13 14 15 16 17 | 17.2
Dodging        | 3 4 6 7 8 9 10 | 10.6
Invocations    | 1 3 4 6 8 10 11 13 15 16 17 | 17.4
Unarmed Combat | 1 |  1.4
Maces & Flails | 6 10 12 13 14 15 16 17 18 19 | 19.3
Shields        | 4 6 9 11 14 17 19 20 | 20.7
Short Blades   | 1 |  1.0
Long Blades    | 1 |  1.2
Polearms       | 1 |  1.1
Staves         | 1 |  1.1
Evocations     | 3 |  3.8
Stealth        | |  1.9
Conjurations   | |  0.1
Hexes          | |  0.1
Summonings     | |  0.1
Necromancy     | |  0.1
Fire Magic     | |  0.1
Earth Magic    | |  0.1

Action                   |  1- 3 |  4- 6 |  7- 9 | 10-12 | 13-15 | 16-18 | 19-21 | 22-24 | 25-27 || total
-------------------------+-------+-------+-------+-------+-------+-------+-------+-------+-------++-------
Melee: Hand axe          |   112 |    64 |       |       |       |       |       |       |       ||   176
       War axe           |       |   104 |     3 |       |       |       |       |   880 |     9 ||   996
       Broad axe         |       |       |   203 |   126 |       |       |       |       |       ||   329
       Whip              |       |       |       |   342 |   968 |  1424 |   884 |     2 |       ||  3620
       Punch             |       |       |       |     3 |    11 |       |       |       |       ||    14
Throw: Dart              |       |       |       |       |       |       |     3 |       |       ||     3
Invok: Convert to Beogh  |       |     1 |       |       |       |       |       |       |       ||     1
       Smiting           |       |       |     2 |       |    41 |    20 |    25 |     9 |       ||    97
       Give Item to Name |       |       |       |       |     5 |     2 |     3 |     1 |       ||    11
       Recall Orcish Fol |       |       |       |       |     9 |    27 |     7 |    15 |       ||    58
       Resurrection      |       |       |       |       |     1 |     2 |     1 |     1 |       ||     5
Evoke: Wand              |       |       |       |       |     1 |     1 |     3 |     3 |       ||     8
  Use: Scroll            |     1 |     1 |    13 |     2 |    18 |    10 |     3 |    10 |       ||    58
       Potion            |     1 |       |     2 |       |     5 |     4 |     4 |     9 |     1 ||    26
 Stab: Distracted        |       |       |     3 |     6 |    10 |    19 |    17 |    25 |       ||    80
       Paralysed         |       |       |       |       |     1 |       |     1 |       |       ||     2
       Confused          |       |       |       |       |     1 |     1 |       |       |       ||     2
Armor: Robe              |     8 |       |       |       |       |       |       |       |       ||     8
       Ring mail         |    28 |    22 |       |       |       |       |       |       |       ||    50
       Plate armour      |       |    95 |   189 |   244 |   117 |       |       |       |       ||   645
       Chain mail        |       |       |       |       |   389 |   619 |   194 |   208 |       ||  1410
Dodge: Dodged            |    61 |    76 |    98 |   124 |   314 |   388 |   193 |   375 |     4 ||  1633
Block: Buckler           |       |       |       |       |    30 |   295 |       |       |       ||   325
       Kite shield       |       |       |       |       |       |    53 |   401 |   786 |     9 ||  1249
       Reflection        |       |       |       |       |       |       |    61 |    37 |       ||    98
